 Dungeon Crawl Stone Soup version 0.25.1-2-g60ff931df9 (webtiles) character file.

Game seed: 9627805377158908892

82 Impeuri the Skirmisher (level 4, -2/36 HPs)
             Began as a Demonspawn Fighter on Aug 23, 2020.
             Splashed by Ijyb's acid (13 damage)
             ... on level 3 of the Dungeon.
             The game lasted 00:02:08 (2839 turns).

Impeuri the Skirmisher (Demonspawn Fighter)         Turns: 2839, Time: 00:02:09

Health: -2/36      AC:  4    Str: 18    XL:     4   Next: 21%
Magic:  4/4        EV:  7    Int:  9    God:
Gold:   164        SH:  8    Dex: 12    Spells: 3/3 levels left

rFire    . . .     SeeInvis .   l - +0 dagger (venom)
rCold    . . .     Gourm    .   c - +0 kite shield
rNeg     . . .     Faith    .   b - +0 scale mail
rPois    .         Spirit   .   (helmet restricted)
rElec    .         Reflect  .   (no cloak)
rCorr    .         Harm     .   (no gloves)
MR       .....                  (no boots)
Stlth    ..........             (no amulet)
HPRegen  0.12/turn              (no ring)
MPRegen  0.09/turn              (no ring)

@: corroded
A: horns 1, yellow scales 1
a: no special abilities


You were on level 3 of the Dungeon.
You were not hungry.

You visited 1 branch of the dungeon, and saw 3 of its levels.

You collected 164 gold pieces.

Inventory:

Hand Weapons
 a - a +0 long sword
 l - a +0 dagger of venom (weapon)
Missiles
 e - 2 javelins (quivered)
Armour
 b - a +0 scale mail (worn)
 c - a +0 kite shield (worn)
Scrolls
 g - a scroll of amnesia {unknown}
 i - 2 scrolls of teleportation {unknown}
 j - 5 scrolls of identify {unknown}
 k - 2 scrolls of remove curse {unknown}
 p - 3 scrolls of blinking {unknown}
 s - a scroll of noise {unknown}
 w - a scroll of immolation {unknown}
Potions
 d - a potion of might
 h - a potion of haste {unknown}
 m - a potion of magic {unknown}
 n - a potion of berserk rage {unknown}
 o - a potion of mutation {unknown}
 q - 2 potions of stabbing {unknown}
 r - a potion of heal wounds {unknown}
 t - a potion of cancellation {unknown}
 v - a potion of flight {unknown}
Comestibles
 f - 6 rations


   Skills:
 + Level 3.6 Fighting
 * Level 3.1 Long Blades
 + Level 3.2 Armour
 - Level 2.6 Shields


You had 3 spell levels left.
You didn't know any spells.
Your spell library was empty.

Dungeon Overview and Level Annotations

Branches:
Dungeon (3/15)

Altars:

Annotations:
D:3 Ijyb


Innate Abilities, Weirdness & Mutations

You have a pair of small horns on your head.
You are partially covered in yellow scales. (AC +2)


Message History

You block the leopard gecko's attack.
You closely miss the leopard gecko.
The leopard gecko is moderately wounded.
You block the leopard gecko's attack.
You closely miss the leopard gecko.
The leopard gecko is almost dead.
You kill the leopard gecko!
Found a spear.
Found a scroll labeled YZXUATE ULACW.
p - 3 scrolls labeled YZXUATE ULACW (gained 1) All of the chunks of flesh in your inventory have rotted away.
You now have 164 gold pieces (gained 13).
You see here a hand axe.
Ijyb the Twisted Goblin comes into view.
She is wielding a +0 dagger and carrying a wand of acid (9).
Ijyb shouts!
A rat comes into view.
Ijyb zaps a wand.
The bolt of acid hits you!!
Ouch! That really hurt!
The acid corrodes you!
You are splashed with acid!
You die...

#
#............#
#
#.##......##.#
#.##......####
#.##......#
#....######
######....#
........#######
...#..........#
....r..@#####)#
...#...g# #...#
........# #.###
####....# #.#
####. ......#
#.# .....
..###### #.#
###.. ... #.#
..# ## #.# #.#
######## #.#


You could see Ijyb and a rat.

Vanquished Creatures
  A worker ant (D:3)
  2 adders (D:2)
  2 dart slugs
  A leopard gecko (D:3)
  3 orcs (D:3)
  A ball python (D:3)
  6 goblins
  2 hobgoblins
  4 kobolds
  4 bats
  7 rats
33 creatures vanquished.

Notes
Turn   | Place    | Note
-------+----------+-------------------------------------------
     0 | D:1      | Impeuri the Demonspawn Fighter began the quest for the Orb.
     0 | D:1      | Reached XP level 1. HP: 18/18 MP: 1/1
   155 | D:1      | Gained mutation: You have a pair of small horns on your
                  | head. [demonic ancestry]
   155 | D:1      | Reached XP level 2. HP: 20/24 MP: 2/2
  1362 | D:2      | Reached XP level 3. HP: 29/29 MP: 3/3
  2016 | D:3      | Gained mutation: You are partially covered in yellow
                  | scales. (AC +2) [demonic ancestry]
  2016 | D:3      | Reached XP level 4. HP: 16/35 MP: 4/4
  2838 | D:3      | Noticed Ijyb
  2839 | D:3      | Splashed by Ijyb's acid

Illustrated notes

Levels and vault maps discovered:
D:1:      dpeg_arrival_shelter, layout_loops_corners, serial_glass,
          glass_columns_b, glass_columns_a, chequers_serial_rivers_room_a,
          minmay_tall_x
D:2:      layout_loops_ring, ebering_dispersal_statue_hall
D:3:      layout_basic, lemuel_coloured_pillars_altar, uniq_ijyb

Skill      XL: |  1  2  3 |
---------------+----------+-----
Long Blades    | 2 3 |  3.1
Armour         | 3 |  3.2
Fighting       | |  3.6
Shields        | |  2.6

Action                   |  1- 3 |  4- 6 || total
-------------------------+-------+-------++-------
Melee: Long sword        |    22 |       ||    22
       Dagger            |    60 |    23 ||    83
       Headbutt          |     6 |     3 ||     9
  Eat: Chunk             |     3 |     3 ||     6
Armor: Scale mail        |    43 |     4 ||    47
Dodge: Dodged            |    26 |     5 ||    31
Block: Kite shield       |    40 |     8 ||    48
       Rpst.: Long sword |     3 |       ||     3
